 Dungeon Crawl Stone Soup version 0.27.1 (webtiles) character file.

Game seed: 2004122999302397606

7 hawla the Grave Robber (level 1, -2/10 HPs)
             Began as a Deep Elf Necromancer on Sept 2, 2021.
             Succumbed to a kobold's poison
             ... on level 2 of the Dungeon.
             The game lasted 00:01:26 (1288 turns).

hawla the Grave Robber (Deep Elf Necromancer)       Turns: 1288, Time: 00:01:26

Health: -2/10      AC:  4    Str:  5    XL:     1   Next: 91%
Magic:  7/7        EV: 12    Int: 19    God:
Gold:   93         SH:  0    Dex: 15    Spells: 6/7 levels left

rFire    . . .     SeeInvis .   d - +0 short sword
rCold    . . .     Faith    .   (no shield)
rNeg     . . .     Spirit   .   a - +0 robe
rPois    .         Reflect  .   (no helmet)
rElec    .         Harm     .   (no cloak)
rCorr    .         Rampage  .   (no gloves)
Will     .....     Clarity  +   (no boots)
Stlth    ++........             (no amulet)
HPRegen  0.03/turn              (no ring)
MPRegen  0.10/turn              (no ring)

@: lethally poisoned (-2 -> -19)
A: iridescent scales 1, clarity
a: no special abilities


You were on level 2 of the Dungeon.
You visited 1 branch of the dungeon, and saw 2 of its levels.

You collected 93 gold pieces.

Inventory:

Hand Weapons
 d - a +0 short sword (weapon)
Armour
 a - a +0 robe (worn)
Scrolls
 b - a scroll of fog {unknown}
 e - 2 scrolls of identify {unknown}
 f - a scroll of summoning {unknown}


   Skills:
 + Level 2.4 Dodging
 + Level 2.4 Stealth
 + Level 3.5 Spellcasting
 + Level 5.0 Necromancy


You had 6 spell levels left.
You knew the following spells:

 Your Spells              Type           Power      Damage    Failure   Level
a - Pain                  Necr           88%        1d8       1%          1

Your spell library contained the following spells:

 Spells                   Type           Power      Damage    Failure   Level
 Animate Skeleton         Necr           44%        N/A       1%          1
 Vampiric Draining        Necr           11%        2d7       5%          3
 Animate Dead             Necr           11%        N/A       19%         4
 Summon Guardian Golem    Hex/Summ       3%         N/A       41%         3
 Agony                    Necr           22%        N/A       45%         5
 Orb of Destruction       Conj           1%         N/A       100%        7
 Spellforged Servitor     Conj/Summ      1%         N/A       100%        7


Dungeon Overview and Level Annotations

Branches:
Dungeon (2/15)

Altars:


Innate Abilities, Weirdness & Mutations

You are partially covered in iridescent scales. (AC +2)
You possess an exceptional clarity of mind.


Message History

You now have 80 gold pieces (gained 12).
Found 13 gold pieces.
You now have 93 gold pieces (gained 13).
Found a stone staircase leading down.
A bat comes into view.
A bat is nearby!
Found 2 lumpy coppery potions.
The helpless bat fails to defend itself.
You hit the bat.
You kill the bat!
Magic restored.
A kobold comes into view. It is wielding a +2 dagger of venom.
You see here 2 lumpy coppery potions.
A kobold is nearby!
A kobold is nearby!
A kobold is nearby!
A kobold is nearby!
A bat skeleton comes into view.
A giant cockroach zombie comes into view.
An endoplasm comes into view.
Found 23 sling bullets.
The kobold hits you with a +2 dagger of venom.
You are lethally poisoned!
You completely miss the kobold.
You feel very sick.
The endoplasm quivers.
The kobold misses you.
You are too injured to fight recklessly!
You are too injured to fight recklessly!
You hit the kobold.
The kobold is severely wounded.
* * * LOW HITPOINT WARNING * * *
You feel very sick.
The kobold hits you with a +2 dagger of venom.
* * * LOW HITPOINT WARNING * * *
You are more poisoned.
It was a potion of mutation.
You feel extremely strange.
Iridescent scales grow over part of your body.
Your thoughts seem clearer.
You die...

......# #..............
......# ...............
......# #..............
......####.#.........J.(
.........#..!.......Z...
.......................
..#.##..............#
..#.##..............#
..#.##.....#####@...#
.............##.K.......
...P.........##.........
...P..>......##.........
...P.........##.........
....#........#..........
.............#.........#
##...........#.........#
##............


You could see a giant cockroach zombie, an endoplasm and a kobold.

Vanquished Creatures
  2 bats
  An endoplasm (D:1)
  2 hobgoblins (D:1)
  A rat (D:1)
6 creatures vanquished.

Notes
Turn   | Place    | Note
-------+----------+-------------------------------------------
     0 | D:1      | hawla the Deep Elf Necromancer began the quest for the Orb.
     0 | D:1      | Reached XP level 1. HP: 10/10 MP: 6/6
   331 | D:1      | Reached skill level 5 in Necromancy
  1288 | D:2      | Gained mutation: You are partially covered in iridescent
                  | scales. (AC +2) [potion of mutation]
  1288 | D:2      | Gained mutation: You possess an exceptional clarity of
                  | mind. [potion of mutation]
  1288 | D:2      | Succumbed to a kobold's poison

Illustrated notes

Levels and vault maps discovered:
D:1:      dpeg_arrival_concentric_ovals, layout_loops_corners
D:2:      layout_basic, serial_undead, serial_undead_f, serial_undead_b,
          serial_undead_c, serial_undead_b,
          chequers_ecumenical_altar_simple_redux, serial_bayou_pond_a,
          minmay_indecisive_spiral

Skill      XL: |  1 |
---------------+----+-----
Necromancy     | 5 |  5.0
Dodging        | |  2.4
Stealth        | |  2.4
Spellcasting   | |  3.5

Action                   || total
-------------------------++-------
Melee: Short sword       ||    11
 Cast: Pain              ||     5
  Use: Potion            ||     1
 Stab: Sleeping          ||     2
Armor: Robe              ||     1
Dodge: Dodged            ||     4
